 Dungeon Crawl Stone Soup version 0.29-a0-870-g2c972031a6 (webtiles) character file.

Game seed: 14045246663660085844

33 nxtlvl the Cutter (level 3, -2/22 HPs)
             Began as a Deep Elf Monk on July 17, 2022.
             Slain by an orc
             ... wielding a +0 mace
              (6 damage)
             ... on level 3 of the Dungeon.
             The game lasted 00:04:48 (354 turns).

nxtlvl the Cutter (Deep Elf Monk)                    Turns: 354, Time: 00:04:48

Health: -2/22      AC:  2    Str:  8    XL:     3   Next: 12%
Magic:  6/6        EV: 13    Int: 16    God:
Gold:   13         SH:  0    Dex: 17    Spells: 4/4 levels left

rFire   . . .      SeeInvis .   a - +0 short sword
rCold   . . .      Faith    .   (no shield)
rNeg    . . .      Spirit   .   b - +0 robe
rPois   .          Reflect  .   (no helmet)
rElec   .          Harm     .   (no cloak)
rCorr   .          Rampage  .   (no gloves)
Will    .....                   (no boots)
Stlth   ++........              (no amulet)
HPRegen 0.07/turn               (no ring)
MPRegen 0.10/turn               (no ring)

@: no status effects
A: no striking features
a: no special abilities


You were on level 3 of the Dungeon.
You visited 1 branch of the dungeon, and saw 3 of its levels.

You collected 13 gold pieces.

Inventory:

Hand Weapons
 a - a +0 short sword (weapon)
Missiles
 g - 4 javelins (quivered)
Armour
 b - a +0 robe (worn)
Scrolls
 c - a scroll of noise {unknown}
 f - a scroll of immolation {unknown}
Potions
 d - a potion of haste {unknown}
 e - a potion of cancellation {unknown}


   Skills:
 - Level 2.4 Fighting
 + Level 4.1 Short Blades
 - Level 3.6 Dodging
 - Level 2.4 Stealth
 * Level 1.1 Spellcasting


You had 4 spell levels left.
You didn't know any spells.
Your spell library contained the following spells:

 Spells                   Type           Power      Damage    Failure   Level
 Conjure Flame            Conj/Fire      0%         6-21      56%         3
 Ignite Poison            Fire/Tmut/Pois 0%         N/A       56%         3
 Sticky Flame             Conj/Fire      0%         2d3       92%         4


Dungeon Overview and Level Annotations

Branches:
Dungeon (3/15)

Altars:


Message History

a +0 club; a +0 chain mail; a +0 club
Things that are here:
a +0 whip; an orc corpse
Okay, then.
Found a stone staircase leading up.
Things that are here:
a +0 trident; an orc corpse
g - 2 javelins
g - 3 javelins (gained 1)
g - 4 javelins (gained 1)
An orc is nearby!
Found 6 gold pieces.
You now have 13 gold pieces (gained 6).
A goblin comes into view. It is wielding a +0 dagger.
The goblin shouts!
You hear a shout!
Found a trident.
You hit the goblin but do no damage. The goblin barely misses you.
An orc comes into view. It is wielding a +0 mace.
You barely miss the goblin. The goblin hits you with a +0 dagger.
You hit the goblin.
You kill the goblin!
You hit the orc but do no damage. The orc hits you with a +0 mace!
* * * LOW HITPOINT WARNING * * *
You barely miss the orc. The orc hits you but does no damage.
You hit the orc.
The orc is moderately wounded.
You hit the orc but do no damage.
The orc is moderately wounded.
An orc comes into view. It is wielding a +0 flail.
The orc barely misses you.
You closely miss the orc.
The orc is moderately wounded.
The orc barely misses you.
The orc shouts!
You hit the orc but do no damage.
The orc is lightly wounded.
The orc closely misses you.
You hit the orc but do no damage. The orc closely misses you.
You hit the orc but do no damage. The orc hits you with a +0 mace.
You die...

### .) .#
####.#
#..@)#
#.##o...o..
#.# .######
#.# ..
####.#####
#.......#
#.#####.#
### #.# #
##.#######.#
#


You could see 2 orcs.

Vanquished Creatures
  2 adders
  4 orcs (D:3)
  An endoplasm (D:2)
  2 goblins
  A kobold (D:3)
  2 rats (D:1)
12 creatures vanquished.

Notes
Turn   | Place    | Note
-------+----------+-------------------------------------------
     0 | D:1      | nxtlvl the Deep Elf Monk began the quest for the Orb.
     0 | D:1      | Reached XP level 1. HP: 13/13 MP: 3/3
    13 | D:1      | You fall into a shaft and drop 1 floor!
    26 | D:2      | Reached XP level 2. HP: 12/18 MP: 4/4
   167 | D:3      | Reached skill level 4 in Short Blades
   267 | D:3      | Reached XP level 3. HP: 20/22 MP: 4/6
   286 | D:3      | Reached skill level 1 in Spellcasting
   354 | D:3      | Slain by an orc

Illustrated notes

Levels and vault maps discovered:
D:1:      dpeg_arrival_prison, layout_rooms, ebering_ecumenical_altar_abandoned,
          dk_noncrumbling_3, minivault_19, item_on_display_a
D:2:      layout_basic, serial_shops, nicolae_lakefront_shop
D:3:      layout_loops_ring, minivault_27, kennysheep_doodads

Skill      XL: |  1  2  3 |
---------------+----------+-----
Short Blades   | 4 |  4.1
Spellcasting   | 1 |  1.1
Fighting       | |  2.4
Dodging        | |  3.6
Stealth        | |  2.4

Action                   || total
-------------------------++-------
Melee: Short sword       ||    59
       Punch             ||     1
Throw: Javelin           ||     4
  Use: Potion            ||     1
 Stab: Distracted        ||     1
       Sleeping          ||     3
Armor: Robe              ||     8
Dodge: Dodged            ||    31

Table legend: (Time is in decaauts)
 A = Elapsed time spent in this place.
 B = Non-inter-level travel time spent in this place.
 C = Inter-level travel time spent in this place.
 D = Time resting spent in this place.
 E = Time spent auto-exploring this place.
 F = Levels seen in this place.
 G = Mean time per level.
                   A        B        C        D        E       F      G
               +--------+--------+--------+--------+--------+-----+--------+
         Total |    350 |    336 |     14 |      0 |      1 |   3 |  116.7 |
       Dungeon |    350 |    336 |     14 |      0 |      1 |   3 |  116.7 |
               +--------+--------+--------+--------+--------+-----+--------+

Top non-repeatable levels by time:
     D:3: 202 daAuts
     D:2: 133 daAuts
     D:1: 14 daAuts
